 Dungeon Crawl Stone Soup version 0.23.2-40-g277498a001 (webtiles) character file.

Game seed: 4398193346263151013

109 Descartes the Digger (level 5, -1/37 HPs)
             Began as a Formicid Earth Elementalist on Aug 27, 2019.
             Killed by nerve-wracking pain
             ... invoked by an orc priest
              (10 damage)
             ... on level 3 of the Dungeon.
             The game lasted 00:10:00 (3386 turns).

Descartes the Digger (Formicid Earth Elementalist)  Turns: 3386, Time: 00:10:01

Health: -1/37      AC:  6    Str: 14    XL:     5   Next: 13%
Magic:  5/8        EV: 11    Int: 14    God:
Gold:   71         SH:  4    Dex: 11    Spells: 3/9 levels left

rFire    . . .     SeeInvis +   i - -3 short sword (curse)
rCold    . . .     Gourm    .   e - +0 buckler
rNeg     . . .     Faith    .   l - +0 ring mail
rPois    .         Spirit   .   (helmet unavailable)
rElec    .         Reflect  .   (no cloak)
rCorr    +         Harm     .   k - +0 pair of gloves
MR       .....                  (no boots)
Stlth    +.........             (no amulet)
HPRegen  0.12/turn              h - ring of resist corrosion
MPRegen  0.11/turn              (no ring)

@: no status effects
A: permanent stasis, dig shafts and tunnels, four strong arms, antennae 3
a: Dig, Shaft Self


You were on level 3 of the Dungeon.
You were not hungry.

You visited 1 branch of the dungeon, and saw 3 of its levels.

You collected 71 gold pieces.

Inventory:

Hand Weapons
 a - a +1 dagger
 i - a cursed -3 short sword (weapon)
Missiles
 b - 49 stones (quivered)
 n - 27 arrows
Armour
 c - a +0 robe
 e - a +0 buckler (worn)
 k - a +0 pair of gloves (worn)
 l - a +0 ring mail (worn)
Jewellery
 h - a ring of resist corrosion (left hand)
Scrolls
 f - 2 scrolls of identify
 j - a scroll of amnesia
Potions
 m - a potion of lignification
Comestibles
 d - 4 rations
 g - 3 chunks of flesh


   Skills:
 + Level 1.3 Fighting
 * Level 1.3 Armour
 + Level 2.1 Dodging
 + Level 3.1 Stealth
 - Level 2.4 Shields
 * Level 2.6 Spellcasting
 + Level 0.3 Conjurations
 + Level 1.2 Transmutations
 + Level 4.0 Earth Magic


You had 3 spell levels left.
You knew the following spells:

 Your Spells              Type           Power        Failure   Level  Hunger
a - Sandblast             Erth           ##....       9%          1    #......
b - Stone Arrow           Conj/Erth      #.....       50%         3    ###....
c - Passwall              Tmut/Erth      #.......     22%         2    ###....

Your spell library contained the following spells:

 Spells                   Type           Power        Failure   Level  Hunger
 Ignite Poison            Fire/Tmut/Pois #.......     75%         3    ###....
 Petrify                  Tmut/Erth      #.......     83%         4    #####..
 Lee's Rapid Deconstruct  Erth           ##........   93%         5    ######.
 Fireball                 Conj/Fire      #.........   100%        5    ######.
 Bolt of Fire             Conj/Fire      #.........   100%        6    #######
 Ring of Flames           Chrm/Fire      #.........   100%        7    #######
 Ignition                 Fire           #.........   100%        8    #######


Dungeon Overview and Level Annotations

Branches:
Dungeon (3/15)

Altars:
Ashenzari
Cheibriados
Nemelex Xobeh
Qazlal
Ru
Trog
Wu Jian


Innate Abilities, Weirdness & Mutations

You cannot be hasted, slowed, berserked, paralysed or teleported.
You can dig through walls and to a lower floor.
Your four strong arms can wield two-handed weapons with a shield.
You have a pair of large antennae on your head. (SInv)


Message History

* * * LOW HITPOINT WARNING * * *
Casting: Sandblast (safe; 9% risk of failure)
Confirm with . or Enter, or press ? or * to list all spells.
Aiming: Sandblast (safe; 9% risk of failure)
Press: ? - help, Shift-Dir - straight line, f/p - orc priest
Aim: an orc priest, wielding a +0 club and wearing a +0 chain mail The blast of sand hits the orc priest but does no damage.
b - 50 stones The orc priest hits you with a +0 club.
* * * LOW HITPOINT WARNING * * *
Casting: Sandblast (safe; 9% risk of failure)
Confirm with . or Enter, or press ? or * to list all spells.
Aiming: Sandblast (safe; 9% risk of failure)
Press: ? - help, Shift-Dir - straight line, f/p - orc priest
Aim: an orc priest, wielding a +0 club and wearing a +0 chain mail The blast of sand hits the orc priest but does no damage.
b - 49 stones The orc priest calls down the wrath of Beogh upon you.
Pain shoots through your body!
You die...

...# ...#
##############...#
#............'...'
###.############...#
#########.....# ...#
#.......#.#.#.# ...#
######.......#.#.#.#####
...#
.....'.......'..@.......
.oo'
.#####.......#.#o#.####.
...# .# #.......#.#.###
.o.# .#####.......#.#..
.##..........#.####
.##..........#.######.
>.'..........'<.......
รท##..........########.
.#####.......#


You could see an orc priest.

Vanquished Creatures
  An orc wizard (D:2)
  2 adders
  An ooze (D:1)
  3 dart slugs (D:2)
  5 orcs
  3 giant cockroaches
  2 goblins (D:2)
  4 hobgoblins
  2 jackals (D:1)
  3 quokkas
  6 bats
  4 frilled lizards
  4 kobolds
  5 rats
45 creatures vanquished.

Notes
Turn   | Place    | Note
-------+----------+-------------------------------------------
     0 | D:1      | Descartes the Formicid Earth Elementalist began the quest
                  | for the Orb.
     0 | D:1      | Reached XP level 1. HP: 13/13 MP: 3/3
   853 | D:1      | Reached XP level 2. HP: 11/19 MP: 5/5
  1303 | D:1      | Reached skill level 1 in Shields
  1725 | D:2      | Reached XP level 3. HP: 24/25 MP: 6/6
  2319 | D:2      | Found a bloodstained altar of Trog.
  2486 | D:2      | Learned a level 3 spell: Stone Arrow
  2489 | D:2      | Learned a level 2 spell: Passwall
  2501 | D:2      | Found a sparkling altar of Nemelex Xobeh.
  2595 | D:2      | Reached XP level 4. HP: 31/31 MP: 3/7
  2663 | D:2      | Found a stormy altar of Qazlal.
  2666 | D:2      | Found a sacrificial altar of Ru.
  2669 | D:2      | Found a snail-covered altar of Cheibriados.
  2672 | D:2      | Found an ornate altar of the Wu Jian Council.
  2880 | D:2      | Reached skill level 1 in Fighting
  2880 | D:2      | Reached skill level 1 in Armour
  2880 | D:2      | Reached skill level 4 in Earth Magic
  3034 | D:3      | Found a shattered altar of Ashenzari.
  3037 | D:3      | Reached XP level 5. HP: 29/37 MP: 8/8
  3386 | D:3      | Killed from afar by an orc priest

Skill      XL: |  1  2  3  4 |
---------------+-------------+-----
Shields        | 1 2 |  2.4
Dodging        | 2 |  2.1
Fighting       | 1 |  1.3
Armour         | 1 |  1.3
Stealth        | 3 |  3.1
Earth Magic    | 4 |  4.0
Spellcasting   | |  2.6
Conjurations   | |  0.3
Transmutations | |  1.2

Action                   |  1- 3 |  4- 6 || total
-------------------------+-------+-------++-------
Melee: Dagger            |   111 |       ||   111
       Short sword       |     2 |    38 ||    40
 Cast: Sandblast         |    14 |    22 ||    36
 Abil: Dig               |     7 |       ||     7
  Use: Scroll            |     2 |     2 ||     4
 Stab: Sleeping          |     5 |       ||     5
  Eat: Chunk             |     6 |     3 ||     9
Armor: Robe              |    31 |       ||    31
       Ring mail         |     1 |    10 ||    11
Dodge: Dodged            |    85 |    28 ||   113
Block: Buckler           |    15 |     9 ||    24
